[ AOE2 MATCH · #507367060 ]
UnrankedPersians vs Mongols
Player's team · LOSS
[ REPLAY ANALYSIS · EXTRACTED FROM THE RECORDED GAME ]
Feudal
10:03
Castle
16:41
Imperial
30:18
| APM avg | 27.5 |
| APM peak | 63 |
| eAPM avg | 18.0 |
| Villagers / military | 167 / 146 |
Focus
⚔️ 18.3% · 🌾 81.7%
Knight ×144 · Monk ×2
Feudal
26:45
Castle
32:23
Imperial
—
| APM avg | 17.5 |
| APM peak | 59 |
| eAPM avg | 11.5 |
| Villagers / military | 69 / 2 |
Focus
⚔️ 17.8% · 🌾 82.2%
Mangonel ×2
Feudal
12:11
Castle
15:51
Imperial
29:39
| APM avg | 17.7 |
| APM peak | 29 |
| eAPM avg | 14.8 |
| Villagers / military | 133 / 46 |
Focus
⚔️ 15.9% · 🌾 84.1%
Mangudai ×35 · Battering Ram ×10 · Monk ×1
Feudal
9:16
Castle
23:18
Imperial
35:26
| APM avg | 53.8 |
| APM peak | 110 |
| eAPM avg | 36.2 |
| Villagers / military | 159 / 26 |
Focus
⚔️ 24.3% · 🌾 75.7%
Teutonic Knight ×26
Feudal
11:09
Castle
17:00
Imperial
23:04
| APM avg | 53.4 |
| APM peak | 106 |
| eAPM avg | 22.0 |
| Villagers / military | 96 / 42 |
Focus
⚔️ 34.2% · 🌾 65.8%
Knight ×26 · Camel Scout ×8 · Hand Cannoneer ×5 · Bombard Cannon ×3
Feudal
11:32
Castle
15:02
Imperial
29:43
| APM avg | 47.9 |
| APM peak | 112 |
| eAPM avg | 21.7 |
| Villagers / military | 159 / 92 |
Focus
⚔️ 22.8% · 🌾 77.2%
Monaspa ×80 · Battering Ram ×10 · Trebuchet (Packed) ×2
Feudal
9:16
Castle
26:06
Imperial
—
| APM avg | 23.3 |
| APM peak | 52 |
| eAPM avg | 15.3 |
| Villagers / military | 87 / 0 |
Focus
⚔️ 26.7% · 🌾 73.3%
Feudal
12:47
Castle
17:15
Imperial
—
| APM avg | 100.6 |
| APM peak | 302 |
| eAPM avg | 60.9 |
| Villagers / military | 64 / 43 |
Focus
⚔️ 85.2% · 🌾 14.8%
Plumed Archer ×43
Match map
Initial resources + every placement click. Lines = walls · curves = elevation contours. ◆ gold · ⬟ stone · ● berries · ✦ relic · ◌ wall gap
Your base· ✓ Closed at 16:41 · 0t walls · 3 gate(s)
Franonymous's base· ✓ Closed at 32:23 · 6t walls · 2 gate(s)
shwajackson's base· ✓ Closed at 15:51 · 0t walls · 2 gate(s)
VIT | Hera's base· ✓ Closed at 23:18 · 1t walls · 4 gate(s)
Puerco de Monte's base· ✓ Closed at 17:00 · 0t walls · 3 gate(s)
I ONLY MAKE SKIRMS's base· ✓ Closed at 15:02 · 0t walls · 3 gate(s)
Rata Preñadora's base· ✓ Closed at 26:06 · 1t walls · 2 gate(s)
TeKarino's base· ✓ Closed at 17:15 · 49t walls · 8 gate(s)
Smoothed initial terrain · ◌ = detected wall gap · hover for details
Inputs per minute
— Nalgas Prietas - - Franonymous
Build order — Nalgas Prietas
First 150 of 428 actions detected
| 0:00 | Queue | Villager (Male) |
| 0:01 | Queue | Villager (Male) |
| 0:01 | Queue | Villager (Male) |
| 0:01 | Queue | Villager (Male) |
| 0:01 | Queue | Villager (Male) |
| 0:04 | Build | House |
| 0:05 | Build | House |
| 1:39 | Queue | Villager (Male) |
| 1:39 | Queue | Villager (Male) |
| 1:46 | Build | Lumber Camp |
| 2:14 | Queue | Villager (Male) |
| 2:15 | Queue | Villager (Male) |
| 2:15 | Queue | Villager (Male) |
| 3:19 | Queue | Villager (Male) |
| 3:19 | Queue | Villager (Male) |
| 3:19 | Queue | Villager (Male) |
| 3:47 | Build | House |
| 4:01 | Queue | Villager (Male) |
| 4:01 | Queue | Villager (Male) |
| 4:49 | Queue | Villager (Male) |
| 5:20 | Build | Mill |
| 5:27 | Queue | Villager (Male) |
| 5:27 | Queue | Villager (Male) |
| 5:54 | Build | House |
| 6:14 | Queue | Villager (Male) |
| 6:14 | Queue | Villager (Male) |
| 6:28 | Queue | Villager (Male) |
| 6:28 | Queue | Villager (Male) |
| 7:38 | Build | Mining Camp |
| 7:47 | Build | House |
| 7:59 | Research | Feudal Age |
| 9:16 | Queue | Villager (Male) |
| 9:21 | Build | Farm |
| 9:22 | Build | Farm |
| 9:22 | Build | Farm |
| 10:03 | Age | Feudal Age |
| 10:22 | Build | Market |
| 10:27 | Build | Blacksmith |
| 10:52 | Queue | Villager (Male) |
| 10:52 | Queue | Villager (Male) |
| 11:02 | Build | Farm |
| 11:02 | Build | Farm |
| 11:02 | Build | Farm |
| 11:29 | Build | Farm |
| 11:34 | Queue | Villager (Male) |
| 11:34 | Queue | Villager (Male) |
| 11:41 | Build | Farm |
| 12:17 | Build | Farm |
| 12:31 | Build | Farm |
| 12:44 | Queue | Villager (Male) |
| 12:44 | Queue | Villager (Male) |
| 13:06 | Build | House |
| 13:19 | Build | Farm |
| 13:45 | Research | Loom |
| 14:16 | Research | Castle Age |
| 14:16 | Research | Castle Age |
| 14:16 | Research | Castle Age |
| 14:49 | Build | Mining Camp |
| 14:53 | Research | Double-Bit Axe |
| 15:57 | Research | Gold Mining |
| 15:58 | Research | Horse Collar |
| 16:30 | Queue | Villager (Male) |
| 16:30 | Queue | Villager (Male) |
| 16:41 | Age | Castle Age |
| 16:45 | Build | Town Center |
| 16:59 | Build | Town Center |
| 17:10 | Queue | Villager (Male) |
| 17:11 | Queue | Villager (Male) |
| 17:26 | Research | Bow Saw |
| 18:04 | Queue | Villager (Male) |
| 18:07 | Build | House |
| 18:10 | Build | House |
| 18:15 | Build | Farm |
| 18:15 | Build | Farm |
| 18:15 | Build | Farm |
| 18:41 | Queue | Villager (Male) |
| 18:45 | Queue | Villager (Male) |
| 18:58 | Build | Farm |
| 18:58 | Build | Farm |
| 18:58 | Build | Farm |
| 19:03 | Queue | Villager (Male) |
| 19:04 | Queue | Villager (Male) |
| 19:04 | Queue | Villager (Male) |
| 19:04 | Queue | Villager (Male) |
| 19:05 | Queue | Villager (Male) |
| 19:22 | Build | Farm |
| 19:25 | Queue | Villager (Male) |
| 19:26 | Queue | Villager (Male) |
| 19:44 | Queue | Villager (Male) |
| 19:45 | Queue | Villager (Male) |
| 19:45 | Queue | Villager (Male) |
| 19:48 | Build | Farm |
| 19:53 | Build | Farm |
| 19:56 | Build | Farm |
| 20:02 | Build | Farm |
| 20:05 | Queue | Villager (Male) |
| 20:05 | Queue | Villager (Male) |
| 20:06 | Queue | Villager (Male) |
| 20:11 | Build | Farm |
| 20:26 | Build | Town Center |
| 20:31 | Queue | Villager (Male) |
| 20:31 | Queue | Villager (Male) |
| 20:37 | Queue | Villager (Male) |
| 20:48 | Queue | Villager (Male) |
| 20:58 | Queue | Villager (Male) |
| 21:13 | Build | Farm |
| 21:13 | Build | Farm |
| 21:15 | Queue | Villager (Male) |
| 21:16 | Queue | Villager (Male) |
| 21:16 | Queue | Villager (Male) |
| 21:16 | Queue | Villager (Male) |
| 21:28 | Build | Barracks |
| 21:34 | Queue | Villager (Male) |
| 21:34 | Queue | Villager (Male) |
| 21:36 | Build | House |
| 21:39 | Build | House |
| 21:40 | Build | House |
| 21:42 | Build | House |
| 21:45 | Build | Farm |
| 21:49 | Research | Heavy Plow |
| 21:53 | Build | House |
| 21:56 | Queue | Villager (Male) |
| 21:57 | Queue | Villager (Male) |
| 22:02 | Build | Farm |
| 22:06 | Build | Farm |
| 22:09 | Queue | Villager (Male) |
| 22:12 | Build | House |
| 22:17 | Queue | Villager (Male) |
| 22:17 | Queue | Villager (Male) |
| 22:24 | Build | Farm |
| 22:25 | Build | Farm |
| 22:25 | Build | Farm |
| 22:29 | Queue | Villager (Male) |
| 22:29 | Queue | Villager (Male) |
| 22:35 | Queue | Villager (Male) |
| 22:35 | Queue | Villager (Male) |
| 22:44 | Build | Farm |
| 22:44 | Build | Farm |
| 22:50 | Queue | Villager (Male) |
| 22:50 | Queue | Villager (Male) |
| 22:50 | Queue | Villager (Male) |
| 22:51 | Queue | Villager (Male) |
| 22:57 | Queue | Villager (Male) |
| 23:00 | Build | House |
| 23:11 | Build | University |
| 23:16 | Queue | Villager (Male) |
| 23:17 | Queue | Villager (Male) |
| 23:17 | Queue | Villager (Male) |
| 23:17 | Queue | Villager (Male) |
| 23:26 | Build | Monastery |
Build order — Franonymous
First 150 of 164 actions detected
| 0:01 | Queue | Villager (Male) |
| 0:02 | Queue | Villager (Male) |
| 0:02 | Queue | Villager (Male) |
| 0:02 | Queue | Villager (Male) |
| 0:03 | Build | House |
| 0:05 | Build | House |
| 1:30 | Build | Lumber Camp |
| 1:31 | Queue | Villager (Male) |
| 1:31 | Queue | Villager (Male) |
| 2:04 | Queue | Villager (Male) |
| 2:04 | Queue | Villager (Male) |
| 2:30 | Queue | Villager (Male) |
| 2:59 | Queue | Villager (Male) |
| 3:19 | Queue | Villager (Male) |
| 3:46 | Queue | Villager (Male) |
| 4:02 | Queue | Villager (Male) |
| 4:09 | Build | House |
| 4:10 | Build | House |
| 5:20 | Queue | Villager (Male) |
| 5:20 | Queue | Villager (Male) |
| 5:21 | Queue | Villager (Male) |
| 5:21 | Research | Loom |
| 5:24 | Queue | Villager (Male) |
| 5:24 | Queue | Villager (Male) |
| 6:44 | Queue | Villager (Male) |
| 6:48 | Build | Mill |
| 9:01 | Build | Town Center |
| 9:42 | Queue | Villager (Male) |
| 9:42 | Queue | Villager (Male) |
| 10:12 | Build | Palisade Wall |
| 10:26 | Queue | Villager (Male) |
| 10:56 | Build | Palisade Wall |
| 10:58 | Build | Palisade Wall |
| 10:58 | Build | Palisade Wall |
| 11:41 | Queue | Villager (Male) |
| 14:24 | Build | Town Center |
| 15:03 | Build | Farm |
| 15:34 | Build | Farm |
| 16:11 | Build | Farm |
| 16:11 | Build | Farm |
| 16:12 | Build | Farm |
| 16:12 | Build | Farm |
| 16:12 | Build | Farm |
| 16:12 | Build | Farm |
| 16:12 | Build | Farm |
| 16:13 | Build | Farm |
| 16:13 | Build | Farm |
| 16:13 | Build | Farm |
| 16:13 | Build | Farm |
| 16:14 | Build | Farm |
| 16:14 | Build | Farm |
| 16:14 | Build | Farm |
| 16:14 | Build | Farm |
| 16:15 | Build | Farm |
| 16:15 | Build | Farm |
| 16:15 | Build | Farm |
| 16:15 | Build | Farm |
| 16:15 | Build | Farm |
| 16:16 | Build | Farm |
| 16:16 | Build | Farm |
| 16:16 | Build | Farm |
| 16:16 | Build | Farm |
| 16:17 | Build | Farm |
| 16:17 | Build | Farm |
| 16:17 | Build | Farm |
| 16:17 | Build | Farm |
| 16:17 | Build | Farm |
| 16:18 | Build | Farm |
| 16:18 | Build | Farm |
| 16:18 | Build | Farm |
| 16:18 | Build | Farm |
| 16:19 | Build | Farm |
| 16:19 | Build | Farm |
| 16:19 | Build | Farm |
| 16:20 | Build | Farm |
| 16:20 | Build | Farm |
| 16:20 | Build | Farm |
| 16:20 | Build | Farm |
| 16:20 | Build | Farm |
| 16:21 | Build | Farm |
| 16:21 | Build | Farm |
| 16:26 | Queue | Villager (Male) |
| 17:09 | Queue | Villager (Male) |
| 17:10 | Queue | Villager (Male) |
| 17:32 | Build | Farm |
| 18:28 | Queue | Villager (Male) |
| 18:42 | Queue | Villager (Male) |
| 18:47 | Build | Farm |
| 19:06 | Queue | Villager (Male) |
| 19:07 | Queue | Villager (Male) |
| 19:23 | Build | Farm |
| 19:23 | Build | Farm |
| 19:23 | Build | Farm |
| 19:23 | Build | Farm |
| 19:24 | Build | Farm |
| 19:24 | Build | Farm |
| 19:24 | Build | Farm |
| 19:34 | Queue | Villager (Male) |
| 20:14 | Build | Farm |
| 20:16 | Queue | Villager (Male) |
| 20:16 | Queue | Villager (Male) |
| 20:38 | Queue | Villager (Male) |
| 20:39 | Queue | Villager (Male) |
| 20:54 | Queue | Villager (Male) |
| 21:23 | Build | Farm |
| 21:23 | Build | Farm |
| 21:30 | Build | Farm |
| 21:50 | Queue | Villager (Male) |
| 21:50 | Queue | Villager (Male) |
| 21:50 | Queue | Villager (Male) |
| 22:15 | Queue | Villager (Male) |
| 22:15 | Queue | Villager (Male) |
| 22:29 | Queue | Villager (Male) |
| 22:29 | Queue | Villager (Male) |
| 22:46 | Queue | Villager (Male) |
| 22:57 | Queue | Villager (Male) |
| 23:42 | Queue | Villager (Male) |
| 23:42 | Queue | Villager (Male) |
| 23:43 | Queue | Villager (Male) |
| 23:49 | Build | House |
| 23:50 | Build | House |
| 23:52 | Build | House |
| 24:02 | Queue | Villager (Male) |
| 24:35 | Research | Feudal Age |
| 24:43 | Build | Mining Camp |
| 26:12 | Queue | Villager (Male) |
| 26:45 | Age | Feudal Age |
| 26:49 | Build | Blacksmith |
| 27:00 | Queue | Villager (Male) |
| 27:04 | Build | Market |
| 27:28 | Research | Double-Bit Axe |
| 27:31 | Queue | Villager (Male) |
| 27:31 | Queue | Villager (Male) |
| 27:31 | Queue | Villager (Male) |
| 28:17 | Build | Farm |
| 29:00 | Queue | Villager (Male) |
| 29:43 | Research | Castle Age |
| 29:56 | Build | Farm |
| 29:56 | Build | Farm |
| 29:56 | Build | Farm |
| 29:56 | Build | Farm |
| 31:29 | Queue | Villager (Male) |
| 31:35 | Research | Gold Mining |
| 31:41 | Research | Horse Collar |
| 32:23 | Age | Castle Age |
| 32:24 | Build | Stone Wall |
| 32:28 | Build | Siege Workshop |
| 32:31 | Queue | Villager (Male) |
| 32:31 | Queue | Villager (Male) |
| 32:31 | Queue | Villager (Male) |
Build order — shwajackson
First 150 of 329 actions detected
| 0:14 | Build | House |
| 0:24 | Build | House |
| 0:57 | Queue | Villager (Male) |
| 0:58 | Queue | Villager (Male) |
| 0:58 | Queue | Villager (Male) |
| 0:58 | Queue | Villager (Male) |
| 2:17 | Queue | Villager (Male) |
| 2:43 | Build | Lumber Camp |
| 2:52 | Queue | Villager (Male) |
| 2:53 | Queue | Villager (Male) |
| 3:23 | Queue | Villager (Male) |
| 3:26 | Build | House |
| 3:53 | Queue | Villager (Male) |
| 3:53 | Queue | Villager (Male) |
| 4:16 | Build | House |
| 4:54 | Queue | Villager (Male) |
| 4:54 | Queue | Villager (Male) |
| 5:23 | Queue | Villager (Male) |
| 5:24 | Queue | Villager (Male) |
| 6:03 | Queue | Villager (Male) |
| 6:17 | Build | Mill |
| 6:36 | Queue | Villager (Male) |
| 6:37 | Queue | Villager (Male) |
| 6:37 | Queue | Villager (Male) |
| 7:01 | Build | Farm |
| 7:45 | Queue | Villager (Male) |
| 7:59 | Queue | Villager (Male) |
| 8:00 | Queue | Villager (Male) |
| 8:06 | Build | Farm |
| 8:51 | Queue | Villager (Male) |
| 8:56 | Build | Mining Camp |
| 9:18 | Research | Feudal Age |
| 9:27 | Build | Farm |
| 9:51 | Build | House |
| 10:25 | Build | Farm |
| 10:38 | Build | Farm |
| 10:56 | Build | Farm |
| 11:26 | Queue | Villager (Male) |
| 11:26 | Queue | Villager (Male) |
| 12:11 | Age | Feudal Age |
| 12:18 | Build | Market |
| 12:31 | Build | Blacksmith |
| 13:11 | Research | Castle Age |
| 13:11 | Research | Castle Age |
| 13:26 | Build | House |
| 13:36 | Research | Double-Bit Axe |
| 14:02 | Queue | Villager (Male) |
| 14:02 | Queue | Villager (Male) |
| 14:43 | Build | House |
| 14:55 | Build | Farm |
| 15:19 | Build | House |
| 15:51 | Age | Castle Age |
| 15:54 | Build | Town Center |
| 16:03 | Research | Horse Collar |
| 16:36 | Build | Town Center |
| 16:40 | Queue | Villager (Male) |
| 16:52 | Queue | Villager (Male) |
| 16:56 | Build | Farm |
| 17:03 | Build | Farm |
| 17:19 | Queue | Villager (Male) |
| 17:19 | Queue | Villager (Male) |
| 17:23 | Build | Farm |
| 17:27 | Queue | Villager (Male) |
| 17:37 | Build | Farm |
| 17:44 | Queue | Villager (Male) |
| 17:48 | Build | Farm |
| 17:59 | Queue | Villager (Male) |
| 18:00 | Queue | Villager (Male) |
| 18:04 | Build | Farm |
| 18:06 | Build | Farm |
| 18:15 | Queue | Villager (Male) |
| 18:17 | Queue | Villager (Male) |
| 18:18 | Queue | Villager (Male) |
| 18:21 | Build | Farm |
| 18:24 | Queue | Villager (Male) |
| 18:24 | Queue | Villager (Male) |
| 18:25 | Queue | Villager (Male) |
| 18:27 | Build | Farm |
| 18:43 | Build | Farm |
| 18:45 | Queue | Villager (Male) |
| 18:56 | Build | Farm |
| 18:59 | Queue | Villager (Male) |
| 18:59 | Queue | Villager (Male) |
| 19:02 | Build | Farm |
| 19:03 | Queue | Villager (Male) |
| 19:04 | Queue | Villager (Male) |
| 19:11 | Queue | Villager (Male) |
| 19:20 | Build | Farm |
| 19:28 | Build | Farm |
| 19:33 | Build | Farm |
| 19:34 | Queue | Villager (Male) |
| 19:36 | Queue | Villager (Male) |
| 19:42 | Build | House |
| 19:43 | Build | House |
| 20:05 | Build | Farm |
| 20:09 | Queue | Villager (Male) |
| 20:10 | Queue | Villager (Male) |
| 20:12 | Build | Farm |
| 20:14 | Queue | Villager (Male) |
| 20:19 | Build | House |
| 20:27 | Build | Farm |
| 20:27 | Build | Farm |
| 20:29 | Queue | Villager (Male) |
| 20:30 | Queue | Villager (Male) |
| 20:31 | Queue | Villager (Male) |
| 20:39 | Build | Farm |
| 20:45 | Queue | Villager (Male) |
| 20:50 | Build | House |
| 20:53 | Build | Farm |
| 20:55 | Queue | Villager (Male) |
| 21:02 | Build | Farm |
| 21:12 | Research | Bow Saw |
| 21:13 | Queue | Villager (Male) |
| 21:20 | Build | House |
| 21:21 | Queue | Villager (Male) |
| 21:21 | Queue | Villager (Male) |
| 21:27 | Build | Farm |
| 21:30 | Queue | Villager (Male) |
| 21:34 | Queue | Villager (Male) |
| 21:38 | Queue | Villager (Male) |
| 21:42 | Build | House |
| 21:44 | Queue | Villager (Male) |
| 21:46 | Build | Farm |
| 21:50 | Build | Farm |
| 21:55 | Queue | Villager (Male) |
| 21:59 | Build | Farm |
| 22:10 | Build | Farm |
| 22:11 | Build | Farm |
| 22:14 | Research | Loom |
| 22:15 | Queue | Villager (Male) |
| 22:15 | Queue | Villager (Male) |
| 22:20 | Queue | Villager (Male) |
| 22:21 | Queue | Villager (Male) |
| 22:28 | Build | Monastery |
| 22:30 | Queue | Villager (Male) |
| 22:38 | Build | Farm |
| 22:38 | Build | Farm |
| 22:46 | Research | Wheelbarrow |
| 22:49 | Queue | Villager (Male) |
| 23:10 | Build | Barracks |
| 23:11 | Queue | Villager (Male) |
| 23:11 | Queue | Villager (Male) |
| 23:19 | Queue | Monk |
| 23:28 | Build | House |
| 23:29 | Build | House |
| 23:30 | Build | House |
| 23:31 | Queue | Villager (Male) |
| 23:38 | Build | Farm |
| 23:44 | Build | Farm |
| 23:48 | Build | Farm |
Build order — VIT | Hera
First 150 of 339 actions detected
| 0:01 | Queue | Villager (Male) |
| 0:02 | Queue | Villager (Male) |
| 0:02 | Build | House |
| 0:03 | Build | House |
| 0:12 | Queue | Villager (Male) |
| 0:13 | Queue | Villager (Male) |
| 1:31 | Queue | Villager (Male) |
| 1:45 | Build | Lumber Camp |
| 1:57 | Queue | Villager (Male) |
| 2:17 | Queue | Villager (Male) |
| 2:46 | Queue | Villager (Male) |
| 3:02 | Queue | Villager (Male) |
| 3:26 | Build | House |
| 3:31 | Build | House |
| 3:39 | Queue | Villager (Male) |
| 3:59 | Queue | Villager (Male) |
| 4:15 | Build | Mill |
| 4:28 | Queue | Villager (Male) |
| 4:57 | Queue | Villager (Male) |
| 4:58 | Queue | Villager (Male) |
| 4:59 | Queue | Villager (Male) |
| 6:14 | Queue | Villager (Male) |
| 6:39 | Research | Loom |
| 7:06 | Research | Feudal Age |
| 8:27 | Build | House |
| 8:30 | Build | House |
| 8:40 | Build | Palisade Gate |
| 9:16 | Age | Feudal Age |
| 9:18 | Queue | Villager (Male) |
| 9:27 | Queue | Villager (Male) |
| 9:48 | Queue | Villager (Male) |
| 9:58 | Queue | Villager (Male) |
| 9:59 | Queue | Villager (Male) |
| 10:17 | Build | House |
| 10:18 | Build | House |
| 10:27 | Queue | Villager (Male) |
| 10:39 | Queue | Villager (Male) |
| 10:48 | Queue | Villager (Male) |
| 11:01 | Queue | Villager (Male) |
| 11:27 | Queue | Villager (Male) |
| 11:45 | Research | Double-Bit Axe |
| 11:45 | Research | Double-Bit Axe |
| 11:45 | Queue | Villager (Male) |
| 12:10 | Queue | Villager (Male) |
| 12:31 | Build | Palisade Gate |
| 12:36 | Build | House |
| 12:56 | Build | House |
| 13:14 | Queue | Villager (Male) |
| 13:14 | Queue | Villager (Male) |
| 13:50 | Queue | Villager (Male) |
| 13:55 | Build | Palisade Wall |
| 14:04 | Build | Farm |
| 14:05 | Build | Farm |
| 14:05 | Build | Farm |
| 14:38 | Queue | Villager (Male) |
| 14:49 | Build | Farm |
| 14:50 | Build | Farm |
| 14:52 | Build | Farm |
| 14:54 | Queue | Villager (Male) |
| 15:08 | Build | Farm |
| 15:22 | Queue | Villager (Male) |
| 16:23 | Queue | Villager (Male) |
| 16:23 | Queue | Villager (Male) |
| 16:23 | Queue | Villager (Male) |
| 16:24 | Queue | Villager (Male) |
| 16:27 | Build | Farm |
| 16:30 | Build | Farm |
| 16:30 | Build | Farm |
| 16:33 | Build | Farm |
| 16:34 | Build | Farm |
| 16:36 | Build | Farm |
| 17:12 | Queue | Villager (Male) |
| 17:12 | Queue | Villager (Male) |
| 17:13 | Build | Farm |
| 17:31 | Build | Farm |
| 17:49 | Build | Farm |
| 17:54 | Build | Farm |
| 17:57 | Build | Farm |
| 17:58 | Research | Horse Collar |
| 18:18 | Build | Mining Camp |
| 18:29 | Queue | Villager (Male) |
| 18:29 | Queue | Villager (Male) |
| 18:47 | Queue | Villager (Male) |
| 18:47 | Queue | Villager (Male) |
| 18:48 | Queue | Villager (Male) |
| 19:06 | Queue | Villager (Male) |
| 19:14 | Research | Wheelbarrow |
| 19:27 | Build | Farm |
| 19:29 | Build | Farm |
| 19:33 | Build | Farm |
| 19:37 | Build | Market |
| 19:41 | Build | Blacksmith |
| 19:46 | Queue | Villager (Male) |
| 20:38 | Research | Castle Age |
| 23:18 | Age | Castle Age |
| 23:19 | Build | Town Center |
| 23:20 | Queue | Villager (Male) |
| 23:22 | Queue | Villager (Male) |
| 23:25 | Build | Town Center |
| 23:26 | Research | Bow Saw |
| 23:26 | Research | Bow Saw |
| 23:39 | Queue | Villager (Male) |
| 23:48 | Queue | Villager (Male) |
| 24:04 | Build | Town Center |
| 24:06 | Queue | Villager (Male) |
| 24:06 | Queue | Villager (Male) |
| 24:17 | Build | House |
| 24:18 | Build | House |
| 24:18 | Build | House |
| 24:21 | Queue | Villager (Male) |
| 24:23 | Queue | Villager (Male) |
| 24:41 | Queue | Villager (Male) |
| 24:42 | Queue | Villager (Male) |
| 24:43 | Queue | Villager (Male) |
| 24:47 | Queue | Villager (Male) |
| 24:48 | Queue | Villager (Male) |
| 24:51 | Build | Farm |
| 25:07 | Queue | Villager (Male) |
| 25:07 | Queue | Villager (Male) |
| 25:07 | Queue | Villager (Male) |
| 25:10 | Research | Heavy Plow |
| 25:10 | Queue | Villager (Male) |
| 25:11 | Queue | Villager (Male) |
| 25:12 | Queue | Villager (Male) |
| 25:12 | Queue | Villager (Male) |
| 25:20 | Queue | Villager (Male) |
| 25:21 | Build | Farm |
| 25:27 | Queue | Villager (Male) |
| 25:28 | Queue | Villager (Male) |
| 25:46 | Build | Farm |
| 25:47 | Build | Farm |
| 25:51 | Queue | Villager (Male) |
| 25:51 | Queue | Villager (Male) |
| 25:51 | Queue | Villager (Male) |
| 25:53 | Queue | Villager (Male) |
| 26:03 | Build | Farm |
| 26:10 | Build | Farm |
| 26:12 | Build | Farm |
| 26:13 | Build | Farm |
| 26:16 | Build | Farm |
| 26:23 | Queue | Villager (Male) |
| 26:25 | Build | House |
| 26:25 | Build | House |
| 26:26 | Build | House |
| 26:27 | Build | House |
| 26:29 | Build | House |
| 26:30 | Queue | Villager (Male) |
| 26:30 | Queue | Villager (Male) |
| 26:32 | Build | Farm |
| 26:36 | Build | Farm |
Build order — Puerco de Monte
First 150 of 249 actions detected
| 0:02 | Queue | Villager (Male) |
| 0:02 | Queue | Villager (Male) |
| 0:02 | Queue | Villager (Male) |
| 0:04 | Build | House |
| 0:06 | Build | House |
| 0:30 | Queue | Villager (Male) |
| 0:30 | Queue | Villager (Male) |
| 1:28 | Queue | Villager (Male) |
| 1:48 | Build | Lumber Camp |
| 2:04 | Queue | Villager (Male) |
| 2:04 | Queue | Villager (Male) |
| 2:30 | Queue | Villager (Male) |
| 2:51 | Queue | Villager (Male) |
| 3:21 | Queue | Villager (Male) |
| 3:22 | Queue | Villager (Male) |
| 3:31 | Build | House |
| 3:59 | Queue | Villager (Male) |
| 3:59 | Queue | Villager (Male) |
| 4:09 | Build | House |
| 4:22 | Queue | Villager (Male) |
| 4:36 | Queue | Villager (Male) |
| 4:43 | Build | House |
| 5:10 | Queue | Villager (Male) |
| 5:10 | Queue | Villager (Male) |
| 5:17 | Build | Mill |
| 6:00 | Queue | Villager (Male) |
| 6:00 | Queue | Villager (Male) |
| 6:00 | Queue | Villager (Male) |
| 6:17 | Queue | Villager (Male) |
| 6:17 | Queue | Villager (Male) |
| 6:57 | Queue | Villager (Male) |
| 6:58 | Queue | Villager (Male) |
| 7:23 | Queue | Villager (Male) |
| 7:35 | Queue | Villager (Male) |
| 7:40 | Queue | Villager (Male) |
| 7:40 | Queue | Villager (Male) |
| 7:41 | Queue | Villager (Male) |
| 8:01 | Build | House |
| 8:18 | Build | Mill |
| 8:36 | Build | Barracks |
| 8:52 | Research | Feudal Age |
| 9:10 | Queue | Villager (Male) |
| 9:26 | Build | Mining Camp |
| 10:23 | Queue | Villager (Male) |
| 10:33 | Build | Farm |
| 10:38 | Build | Farm |
| 10:39 | Build | Farm |
| 11:09 | Build | Farm |
| 11:09 | Age | Feudal Age |
| 11:13 | Queue | Villager (Male) |
| 11:26 | Build | Market |
| 11:28 | Queue | Villager (Male) |
| 11:54 | Queue | Villager (Male) |
| 12:24 | Queue | Villager (Male) |
| 12:31 | Build | Blacksmith |
| 12:33 | Queue | Villager (Male) |
| 12:45 | Build | Farm |
| 12:51 | Build | Farm |
| 12:52 | Build | Farm |
| 13:52 | Build | Farm |
| 14:02 | Research | Loom |
| 14:05 | Queue | Villager (Male) |
| 14:21 | Research | Castle Age |
| 14:21 | Research | Castle Age |
| 15:27 | Queue | Villager (Male) |
| 15:49 | Build | House |
| 15:50 | Build | House |
| 16:32 | Queue | Villager (Male) |
| 16:41 | Build | Farm |
| 16:47 | Build | Farm |
| 16:48 | Build | Farm |
| 16:51 | Build | Lumber Camp |
| 17:00 | Age | Castle Age |
| 17:05 | Queue | Villager (Male) |
| 17:12 | Build | University |
| 17:17 | Build | Siege Workshop |
| 17:27 | Build | Monastery |
| 17:30 | Build | Siege Workshop |
| 17:35 | Queue | Villager (Male) |
| 18:17 | Build | House |
| 18:29 | Build | Mining Camp |
| 18:32 | Queue | Villager (Male) |
| 19:10 | Build | Farm |
| 19:11 | Build | Farm |
| 19:14 | Build | Farm |
| 19:47 | Build | Farm |
| 19:54 | Research | Imperial Age |
| 19:55 | Research | Imperial Age |
| 20:21 | Queue | Villager (Male) |
| 20:26 | Research | Double-Bit Axe |
| 20:27 | Research | Loom |
| 21:03 | Build | House |
| 21:33 | Research | Bow Saw |
| 21:47 | Build | House |
| 21:51 | Queue | Villager (Male) |
| 23:00 | Build | Stable |
| 23:04 | Age | Imperial Age |
| 23:17 | Queue | Bombard Cannon |
| 23:24 | Queue | Villager (Male) |
| 23:44 | Build | Stable |
| 24:02 | Research | Bloodlines |
| 24:06 | Queue | Villager (Male) |
| 24:10 | Queue | Villager (Male) |
| 24:17 | Queue | Bombard Cannon |
| 24:32 | Research | Husbandry |
| 24:40 | Queue | Knight |
| 24:40 | Queue | Knight |
| 24:40 | Queue | Knight |
| 24:48 | Queue | Knight |
| 24:48 | Queue | Knight |
| 24:48 | Queue | Knight |
| 24:49 | Queue | Villager (Male) |
| 24:49 | Queue | Villager (Male) |
| 24:58 | Build | Farm |
| 24:58 | Build | Farm |
| 24:59 | Build | Farm |
| 24:59 | Build | Farm |
| 24:59 | Build | Farm |
| 25:11 | Queue | Knight |
| 25:11 | Queue | Knight |
| 25:12 | Queue | Knight |
| 25:39 | Queue | Knight |
| 25:39 | Queue | Knight |
| 25:52 | Queue | Knight |
| 25:52 | Queue | Knight |
| 25:53 | Queue | Bombard Cannon |
| 26:05 | Build | Farm |
| 26:06 | Build | Farm |
| 26:09 | Queue | Villager (Male) |
| 26:19 | Queue | Knight |
| 26:19 | Queue | Knight |
| 26:24 | Build | Farm |
| 26:43 | Queue | Knight |
| 26:51 | Queue | Knight |
| 27:04 | Queue | Villager (Male) |
| 27:24 | Queue | Villager (Male) |
| 27:49 | Queue | Knight |
| 27:49 | Queue | Knight |
| 27:57 | Build | Farm |
| 27:57 | Build | Farm |
| 28:28 | Queue | Villager (Male) |
| 28:31 | Build | Farm |
| 28:35 | Build | House |
| 28:36 | Build | House |
| 29:32 | Research | Cavalier (upgrade) |
| 29:41 | Queue | Villager (Male) |
| 29:46 | Research | Scale Barding Armor |
| 29:47 | Queue | Villager (Male) |
| 30:31 | Queue | Villager (Male) |
| 30:35 | Build | Farm |
Build order — I ONLY MAKE SKIRMS
First 150 of 371 actions detected
| 0:01 | Queue | Villager (Male) |
| 0:02 | Queue | Villager (Male) |
| 0:03 | Build | House |
| 0:05 | Build | House |
| 0:16 | Queue | Villager (Male) |
| 0:25 | Queue | Villager (Male) |
| 1:26 | Queue | Villager (Male) |
| 2:01 | Queue | Villager (Male) |
| 2:15 | Queue | Villager (Male) |
| 2:49 | Queue | Villager (Male) |
| 3:05 | Queue | Villager (Male) |
| 3:41 | Queue | Villager (Male) |
| 4:14 | Queue | Villager (Male) |
| 4:14 | Queue | Villager (Male) |
| 4:15 | Queue | Villager (Male) |
| 4:33 | Build | House |
| 5:02 | Build | Mill |
| 5:02 | Queue | Villager (Male) |
| 5:14 | Queue | Villager (Male) |
| 6:19 | Build | Farm |
| 6:21 | Build | Farm |
| 6:30 | Queue | Villager (Male) |
| 6:30 | Queue | Villager (Male) |
| 6:31 | Queue | Villager (Male) |
| 6:44 | Build | Farm |
| 7:01 | Build | House |
| 7:29 | Build | House |
| 7:30 | Build | House |
| 8:06 | Queue | Villager (Male) |
| 8:07 | Queue | Villager (Male) |
| 8:55 | Queue | Villager (Male) |
| 9:05 | Research | Feudal Age |
| 11:18 | Queue | Villager (Male) |
| 11:18 | Queue | Villager (Male) |
| 11:32 | Age | Feudal Age |
| 11:33 | Build | Market |
| 11:38 | Build | Blacksmith |
| 12:22 | Research | Castle Age |
| 12:22 | Research | Castle Age |
| 13:18 | Research | Double-Bit Axe |
| 13:24 | Research | Horse Collar |
| 13:57 | Queue | Villager (Male) |
| 14:05 | Build | Farm |
| 14:07 | Build | Farm |
| 15:02 | Age | Castle Age |
| 15:02 | Queue | Villager (Male) |
| 15:05 | Build | Town Center |
| 15:08 | Build | Town Center |
| 15:12 | Research | Bow Saw |
| 15:30 | Queue | Villager (Male) |
| 15:33 | Build | Farm |
| 15:36 | Build | Farm |
| 15:54 | Queue | Villager (Male) |
| 16:05 | Build | Farm |
| 16:06 | Queue | Villager (Male) |
| 16:27 | Build | Farm |
| 16:27 | Queue | Villager (Male) |
| 16:32 | Build | Farm |
| 16:43 | Build | Farm |
| 16:43 | Queue | Villager (Male) |
| 16:44 | Queue | Villager (Male) |
| 16:54 | Build | Farm |
| 17:01 | Queue | Villager (Male) |
| 17:01 | Queue | Villager (Male) |
| 17:04 | Build | Farm |
| 17:19 | Build | Farm |
| 17:19 | Queue | Villager (Male) |
| 17:31 | Build | Farm |
| 17:34 | Build | Farm |
| 17:34 | Queue | Villager (Male) |
| 17:42 | Build | Farm |
| 17:46 | Queue | Villager (Male) |
| 17:50 | Build | Farm |
| 17:59 | Build | Farm |
| 17:59 | Queue | Villager (Male) |
| 18:09 | Build | Farm |
| 18:10 | Queue | Villager (Male) |
| 18:21 | Queue | Villager (Male) |
| 18:24 | Build | Farm |
| 18:29 | Queue | Villager (Male) |
| 18:42 | Research | Loom |
| 18:49 | Build | House |
| 18:50 | Build | House |
| 18:51 | Build | House |
| 18:51 | Queue | Villager (Male) |
| 18:52 | Queue | Villager (Male) |
| 18:56 | Build | Farm |
| 19:09 | Build | Farm |
| 19:18 | Queue | Villager (Male) |
| 19:18 | Queue | Villager (Male) |
| 19:19 | Queue | Villager (Male) |
| 19:19 | Queue | Villager (Male) |
| 19:41 | Build | House |
| 19:54 | Queue | Villager (Male) |
| 19:55 | Queue | Villager (Male) |
| 20:01 | Build | Town Center |
| 20:01 | Queue | Villager (Male) |
| 20:03 | Queue | Villager (Male) |
| 20:05 | Queue | Villager (Male) |
| 20:20 | Queue | Villager (Male) |
| 20:20 | Queue | Villager (Male) |
| 20:23 | Research | Wheelbarrow |
| 20:33 | Queue | Villager (Male) |
| 20:35 | Build | Farm |
| 20:38 | Build | Farm |
| 20:40 | Queue | Villager (Male) |
| 20:49 | Queue | Villager (Male) |
| 20:51 | Build | House |
| 20:54 | Queue | Villager (Male) |
| 20:57 | Build | Farm |
| 21:07 | Build | Farm |
| 21:07 | Queue | Villager (Male) |
| 21:11 | Build | Farm |
| 21:11 | Queue | Villager (Male) |
| 21:12 | Queue | Villager (Male) |
| 21:19 | Queue | Villager (Male) |
| 21:23 | Build | House |
| 21:26 | Build | House |
| 21:27 | Queue | Villager (Male) |
| 21:39 | Research | Gold Mining |
| 21:45 | Build | Farm |
| 21:45 | Build | Farm |
| 21:46 | Queue | Villager (Male) |
| 21:55 | Queue | Villager (Male) |
| 21:59 | Build | Farm |
| 22:07 | Queue | Villager (Male) |
| 22:13 | Research | Hand Cart |
| 22:31 | Queue | Villager (Male) |
| 22:31 | Queue | Villager (Male) |
| 22:34 | Build | House |
| 22:35 | Queue | Villager (Male) |
| 22:38 | Build | Farm |
| 22:38 | Build | Farm |
| 22:38 | Build | Farm |
| 22:42 | Build | House |
| 22:50 | Build | Farm |
| 22:55 | Build | Farm |
| 22:58 | Queue | Villager (Male) |
| 22:58 | Queue | Villager (Male) |
| 22:59 | Queue | Villager (Male) |
| 23:00 | Queue | Villager (Male) |
| 23:01 | Queue | Villager (Male) |
| 23:06 | Queue | Villager (Male) |
| 23:21 | Build | Farm |
| 23:27 | Build | Monastery |
| 23:38 | Queue | Villager (Male) |
| 23:38 | Queue | Villager (Male) |
| 23:39 | Queue | Villager (Male) |
| 23:39 | Queue | Villager (Male) |
| 23:40 | Queue | Villager (Male) |
Build order — Rata Preñadora
148 actions detected in the replay
| 0:01 | Queue | Villager (Male) |
| 0:02 | Queue | Villager (Male) |
| 0:02 | Queue | Villager (Male) |
| 0:03 | Build | House |
| 0:04 | Build | House |
| 0:11 | Queue | Villager (Male) |
| 0:11 | Queue | Villager (Male) |
| 1:31 | Queue | Villager (Male) |
| 1:54 | Queue | Villager (Male) |
| 1:54 | Queue | Villager (Male) |
| 2:02 | Build | Mill |
| 2:15 | Queue | Villager (Male) |
| 2:36 | Build | House |
| 2:41 | Queue | Villager (Male) |
| 2:54 | Queue | Villager (Male) |
| 2:54 | Queue | Villager (Male) |
| 3:12 | Queue | Villager (Male) |
| 3:13 | Queue | Villager (Male) |
| 3:37 | Queue | Villager (Male) |
| 3:38 | Queue | Villager (Male) |
| 3:57 | Queue | Villager (Male) |
| 4:25 | Queue | Villager (Male) |
| 4:37 | Queue | Villager (Male) |
| 5:08 | Build | Lumber Camp |
| 5:11 | Queue | Villager (Male) |
| 5:55 | Queue | Villager (Male) |
| 5:58 | Queue | Villager (Male) |
| 6:12 | Research | Loom |
| 6:54 | Research | Feudal Age |
| 7:44 | Queue | Villager (Male) |
| 8:21 | Queue | Villager (Male) |
| 8:33 | Build | House |
| 8:48 | Queue | Villager (Male) |
| 9:16 | Age | Feudal Age |
| 9:19 | Queue | Villager (Male) |
| 9:37 | Build | Town Center |
| 9:43 | Queue | Villager (Male) |
| 10:14 | Queue | Villager (Male) |
| 10:14 | Queue | Villager (Male) |
| 10:30 | Build | Palisade Wall |
| 10:39 | Queue | Villager (Male) |
| 10:39 | Queue | Villager (Male) |
| 11:20 | Queue | Villager (Male) |
| 11:38 | Queue | Villager (Male) |
| 11:50 | Queue | Villager (Male) |
| 11:56 | Queue | Villager (Male) |
| 11:59 | Queue | Villager (Male) |
| 12:18 | Build | Mining Camp |
| 12:31 | Build | House |
| 12:33 | Queue | Villager (Male) |
| 12:38 | Build | House |
| 13:21 | Queue | Villager (Male) |
| 13:22 | Queue | Villager (Male) |
| 13:49 | Queue | Villager (Male) |
| 13:54 | Queue | Villager (Male) |
| 13:56 | Build | Mill |
| 14:24 | Queue | Villager (Male) |
| 15:04 | Build | Watch Tower |
| 15:05 | Build | Watch Tower |
| 15:15 | Queue | Villager (Male) |
| 15:29 | Queue | Villager (Male) |
| 16:16 | Queue | Villager (Male) |
| 16:22 | Queue | Villager (Male) |
| 16:54 | Queue | Villager (Male) |
| 17:08 | Queue | Villager (Male) |
| 17:54 | Queue | Villager (Male) |
| 17:54 | Queue | Villager (Male) |
| 18:21 | Queue | Villager (Male) |
| 18:22 | Queue | Villager (Male) |
| 19:15 | Queue | Villager (Male) |
| 19:15 | Queue | Villager (Male) |
| 19:22 | Build | Market |
| 19:29 | Build | Blacksmith |
| 19:33 | Queue | Villager (Male) |
| 19:36 | Build | House |
| 19:36 | Build | House |
| 19:45 | Build | Farm |
| 19:46 | Build | Farm |
| 19:46 | Build | Farm |
| 19:46 | Build | Farm |
| 19:46 | Build | Farm |
| 19:47 | Build | Farm |
| 19:49 | Build | Farm |
| 19:51 | Build | Farm |
| 19:52 | Build | Farm |
| 20:15 | Queue | Villager (Male) |
| 20:15 | Queue | Villager (Male) |
| 20:38 | Research | Wheelbarrow |
| 20:39 | Queue | Villager (Male) |
| 20:44 | Build | Farm |
| 20:47 | Build | Farm |
| 21:06 | Queue | Villager (Male) |
| 21:32 | Build | Lumber Camp |
| 21:35 | Queue | Villager (Male) |
| 21:35 | Queue | Villager (Male) |
| 21:39 | Build | Farm |
| 21:42 | Build | Farm |
| 22:02 | Queue | Villager (Male) |
| 22:16 | Build | House |
| 23:26 | Research | Castle Age |
| 23:32 | Build | Mill |
| 23:39 | Queue | Villager (Male) |
| 23:46 | Build | Mining Camp |
| 23:53 | Queue | Villager (Male) |
| 24:06 | Build | Siege Workshop |
| 24:16 | Queue | Villager (Male) |
| 24:35 | Build | House |
| 25:00 | Research | Town Watch |
| 25:12 | Queue | Villager (Male) |
| 25:12 | Queue | Villager (Male) |
| 25:26 | Build | Lumber Camp |
| 25:27 | Build | Mining Camp |
| 25:55 | Queue | Villager (Male) |
| 26:06 | Age | Castle Age |
| 26:20 | Build | Castle |
| 26:24 | Queue | Villager (Male) |
| 26:26 | Queue | Villager (Male) |
| 26:27 | Queue | Villager (Male) |
| 26:55 | Build | Farm |
| 26:56 | Build | Farm |
| 26:57 | Queue | Villager (Male) |
| 27:00 | Build | Farm |
| 27:12 | Build | Lumber Camp |
| 27:15 | Queue | Villager (Male) |
| 27:15 | Queue | Villager (Male) |
| 27:27 | Queue | Villager (Male) |
| 27:47 | Queue | Villager (Male) |
| 27:48 | Queue | Villager (Male) |
| 27:50 | Build | Farm |
| 28:08 | Queue | Villager (Male) |
| 28:08 | Queue | Villager (Male) |
| 28:10 | Build | Farm |
| 28:11 | Queue | Villager (Male) |
| 28:11 | Queue | Villager (Male) |
| 28:16 | Queue | Villager (Male) |
| 28:21 | Build | Mining Camp |
| 28:22 | Queue | Villager (Male) |
| 28:23 | Queue | Villager (Male) |
| 29:19 | Queue | Villager (Male) |
| 29:19 | Queue | Villager (Male) |
| 29:20 | Queue | Villager (Male) |
| 29:24 | Build | Farm |
| 29:24 | Build | Farm |
| 29:24 | Build | Farm |
| 29:25 | Build | Farm |
| 29:25 | Build | Farm |
| 29:25 | Build | Farm |
| 29:26 | Build | Farm |
Build order — TeKarino
First 150 of 197 actions detected
| 0:03 | Research | Loom |
| 0:05 | Build | House |
| 0:06 | Build | House |
| 0:13 | Queue | Villager (Male) |
| 0:15 | Queue | Villager (Male) |
| 0:15 | Queue | Villager (Male) |
| 1:30 | Queue | Villager (Male) |
| 1:54 | Build | Lumber Camp |
| 2:01 | Queue | Villager (Male) |
| 2:01 | Queue | Villager (Male) |
| 2:29 | Queue | Villager (Male) |
| 2:46 | Queue | Villager (Male) |
| 3:14 | Queue | Villager (Male) |
| 3:14 | Queue | Villager (Male) |
| 3:43 | Queue | Villager (Male) |
| 3:43 | Queue | Villager (Male) |
| 3:51 | Build | House |
| 3:52 | Build | House |
| 4:03 | Queue | Villager (Male) |
| 4:24 | Build | Palisade Gate |
| 4:28 | Build | Palisade Gate |
| 4:35 | Queue | Villager (Male) |
| 4:55 | Build | Palisade Gate |
| 5:03 | Build | Palisade Gate |
| 5:09 | Queue | Villager (Male) |
| 5:10 | Queue | Villager (Male) |
| 5:17 | Build | Palisade Wall |
| 5:19 | Build | Palisade Wall |
| 5:23 | Build | Palisade Wall |
| 5:25 | Build | Palisade Wall |
| 5:40 | Queue | Villager (Male) |
| 5:53 | Build | Mill |
| 7:07 | Queue | Villager (Male) |
| 7:10 | Queue | Villager (Male) |
| 7:50 | Queue | Villager (Male) |
| 8:02 | Queue | Villager (Male) |
| 8:12 | Build | House |
| 8:43 | Queue | Villager (Male) |
| 9:01 | Build | Farm |
| 9:02 | Build | Farm |
| 9:04 | Build | Farm |
| 9:07 | Queue | Villager (Male) |
| 9:23 | Build | Mining Camp |
| 9:36 | Queue | Villager (Male) |
| 9:58 | Queue | Villager (Male) |
| 10:37 | Research | Feudal Age |
| 10:37 | Research | Feudal Age |
| 10:55 | Build | Palisade Gate |
| 11:05 | Build | Palisade Wall |
| 11:06 | Build | Palisade Wall |
| 11:10 | Build | Palisade Wall |
| 11:22 | Build | Palisade Wall |
| 11:31 | Queue | Villager (Male) |
| 11:38 | Queue | Villager (Male) |
| 11:45 | Queue | Villager (Male) |
| 11:47 | Build | House |
| 11:48 | Queue | Villager (Male) |
| 11:56 | Queue | Villager (Male) |
| 11:57 | Queue | Villager (Male) |
| 12:09 | Build | Palisade Wall |
| 12:12 | Build | Palisade Wall |
| 12:13 | Build | Palisade Wall |
| 12:18 | Queue | Villager (Male) |
| 12:21 | Build | Palisade Wall |
| 12:36 | Queue | Villager (Male) |
| 12:46 | Queue | Villager (Male) |
| 12:47 | Age | Feudal Age |
| 12:52 | Build | Watch Tower |
| 13:02 | Queue | Villager (Male) |
| 13:09 | Build | Watch Tower |
| 13:10 | Queue | Villager (Male) |
| 13:12 | Build | Watch Tower |
| 13:14 | Queue | Villager (Male) |
| 13:21 | Queue | Villager (Male) |
| 13:23 | Build | Market |
| 13:25 | Build | Blacksmith |
| 13:27 | Queue | Villager (Male) |
| 14:00 | Queue | Villager (Male) |
| 14:35 | Research | Castle Age |
| 14:35 | Research | Castle Age |
| 14:38 | Build | Mining Camp |
| 14:38 | Queue | Villager (Male) |
| 15:00 | Research | Fletching |
| 15:00 | Research | Fletching |
| 15:13 | Queue | Villager (Male) |
| 15:36 | Queue | Villager (Male) |
| 15:49 | Build | House |
| 15:50 | Build | House |
| 16:36 | Build | Gate |
| 16:40 | Build | Stone Wall |
| 16:44 | Build | Gate |
| 17:09 | Build | Stone Wall |
| 17:13 | Queue | Villager (Male) |
| 17:15 | Age | Castle Age |
| 17:30 | Queue | Villager (Male) |
| 17:41 | Queue | Villager (Male) |
| 17:54 | Queue | Villager (Male) |
| 18:09 | Build | Castle |
| 18:14 | Queue | Villager (Male) |
| 19:30 | Build | Lumber Camp |
| 20:08 | Queue | Plumed Archer |
| 20:08 | Queue | Plumed Archer |
| 20:31 | Build | Farm |
| 20:32 | Build | Farm |
| 20:32 | Build | Farm |
| 20:32 | Build | Farm |
| 20:32 | Build | Farm |
| 20:32 | Build | Farm |
| 20:35 | Queue | Plumed Archer |
| 20:35 | Queue | Plumed Archer |
| 20:51 | Queue | Plumed Archer |
| 20:51 | Queue | Plumed Archer |
| 20:54 | Queue | Plumed Archer |
| 20:54 | Queue | Plumed Archer |
| 21:03 | Queue | Plumed Archer |
| 21:03 | Queue | Plumed Archer |
| 21:13 | Queue | Plumed Archer |
| 21:13 | Queue | Plumed Archer |
| 21:32 | Build | Mining Camp |
| 21:39 | Build | Mining Camp |
| 21:41 | Queue | Plumed Archer |
| 21:43 | Queue | Villager (Male) |
| 21:44 | Queue | Villager (Male) |
| 22:03 | Build | Farm |
| 22:04 | Queue | Plumed Archer |
| 22:09 | Build | Farm |
| 22:18 | Build | Farm |
| 22:32 | Queue | Plumed Archer |
| 22:32 | Queue | Plumed Archer |
| 22:32 | Queue | Plumed Archer |
| 22:54 | Queue | Plumed Archer |
| 22:54 | Queue | Plumed Archer |
| 22:54 | Queue | Plumed Archer |
| 22:58 | Queue | Plumed Archer |
| 22:58 | Queue | Plumed Archer |
| 23:03 | Queue | Villager (Male) |
| 23:03 | Queue | Villager (Male) |
| 23:07 | Build | Farm |
| 23:21 | Queue | Plumed Archer |
| 23:21 | Queue | Villager (Male) |
| 23:23 | Queue | Plumed Archer |
| 23:23 | Queue | Plumed Archer |
| 23:35 | Build | Farm |
| 23:37 | Build | Farm |
| 23:57 | Queue | Plumed Archer |
| 23:58 | Queue | Villager (Male) |
| 23:58 | Queue | Villager (Male) |
| 24:01 | Queue | Plumed Archer |
| 24:02 | Queue | Plumed Archer |
| 24:11 | Queue | Plumed Archer |
Match timeline
| 5:17 | TeKarino · wall_segment Palisade Wall x1 |
| 5:19 | TeKarino · wall_segment Palisade Wall x1 |
| 5:23 | TeKarino · wall_segment Palisade Wall x1 |
| 5:25 | TeKarino · wall_segment Palisade Wall x1 |
| 8:36 | Puerco de Monte · first_building Barracks |
| 9:16 | Rata Preñadora · age_up feudal |
| 9:16 | VIT | Hera · age_up feudal |
| 10:03 | Nalgas Prietas · age_up feudal |
| 10:12 | Franonymous · wall_segment Palisade Wall x3 |
| 10:30 | Rata Preñadora · wall_segment Palisade Wall x1 |
| 10:56 | Franonymous · wall_segment Palisade Wall x1 |
| 10:58 | Franonymous · wall_segment Palisade Wall x1 |
| 10:58 | Franonymous · wall_segment Palisade Wall x1 |
| 11:05 | TeKarino · wall_segment Palisade Wall x6 |
| 11:06 | TeKarino · wall_segment Palisade Wall x5 |
| 11:09 | Puerco de Monte · age_up feudal |
| 11:10 | TeKarino · wall_segment Palisade Wall x10 |
| 11:22 | TeKarino · wall_segment Palisade Wall x5 |
| 11:32 | I ONLY MAKE SKIRMS · age_up feudal |
| 12:09 | TeKarino · wall_segment Palisade Wall x6 |
| 12:11 | shwajackson · age_up feudal |
| 12:12 | TeKarino · wall_segment Palisade Wall x5 |
| 12:13 | TeKarino · wall_segment Palisade Wall x2 |
| 12:21 | TeKarino · wall_segment Palisade Wall x4 |
| 12:47 | TeKarino · age_up feudal |
| 12:51 | Nalgas Prietas · first_market_sell 100 stone |
| 12:55 | Nalgas Prietas · first_market_buy 100 food |
| 13:55 | VIT | Hera · wall_segment Palisade Wall x1 |
| 14:12 | Puerco de Monte · first_market_sell 100 wood |
| 14:13 | Puerco de Monte · first_market_buy 100 food |
| 14:29 | TeKarino · first_market_sell 100 stone |
| 14:46 | I ONLY MAKE SKIRMS · first_market_buy 100 stone |
| 15:02 | I ONLY MAKE SKIRMS · age_up castle |
| 15:51 | shwajackson · age_up castle |
| 16:40 | TeKarino · wall_segment Stone Wall x3 |
| 16:41 | Nalgas Prietas · age_up castle |
| 17:00 | Puerco de Monte · age_up castle |
| 17:09 | TeKarino · wall_segment Stone Wall x1 |
| 17:15 | TeKarino · age_up castle |
| 17:17 | Puerco de Monte · first_building Siege Workshop |
| 17:27 | Puerco de Monte · first_building Monastery |
| 18:09 | TeKarino · first_building Castle |
| 19:28 | TeKarino · first_market_buy 100 wood |
| 20:03 | Rata Preñadora · first_market_sell 100 stone |
| 20:06 | Rata Preñadora · first_market_buy 100 food |
| 20:31 | VIT | Hera · first_market_sell 100 wood |
| 21:28 | Nalgas Prietas · first_building Barracks |
| 22:28 | shwajackson · first_building Monastery |
| 23:00 | Puerco de Monte · first_building Stable |
| 23:04 | Puerco de Monte · age_up imperial |
| 23:10 | shwajackson · first_building Barracks |
| 23:18 | VIT | Hera · age_up castle |
| 23:26 | Nalgas Prietas · first_building Monastery |
| 23:27 | I ONLY MAKE SKIRMS · first_building Monastery |
| 24:01 | VIT | Hera · first_market_buy 100 wood |
| 24:02 | shwajackson · first_building Siege Workshop |
| 24:06 | Rata Preñadora · first_building Siege Workshop |
| 24:24 | Nalgas Prietas · first_building Stable |
| 24:53 | shwajackson · first_building Castle |
| 25:03 | shwajackson · first_building Stable |
| 25:15 | TeKarino · first_building Barracks |
| 26:06 | Rata Preñadora · age_up castle |
| 26:20 | Rata Preñadora · first_building Castle |
| 26:45 | Franonymous · age_up feudal |
| 27:23 | I ONLY MAKE SKIRMS · first_building Castle |
| 27:30 | shwajackson · first_market_sell 100 wood |
| 27:37 | I ONLY MAKE SKIRMS · wall_segment Stone Wall x11 |
| 27:48 | VIT | Hera · tribute_sent a jugador 1 |
| 27:48 | VIT | Hera · tribute_sent a jugador 2 |
| 27:48 | VIT | Hera · tribute_sent a jugador 3 |
| 27:48 | VIT | Hera · tribute_sent a jugador 5 |
| 27:48 | VIT | Hera · tribute_sent a jugador 6 |
| 27:48 | VIT | Hera · tribute_sent a jugador 7 |
| 27:48 | VIT | Hera · tribute_sent a jugador 8 |
| 27:56 | I ONLY MAKE SKIRMS · tribute_sent a jugador 1 |
| 27:56 | I ONLY MAKE SKIRMS · tribute_sent a jugador 2 |
| 27:56 | I ONLY MAKE SKIRMS · tribute_sent a jugador 3 |
| 27:56 | I ONLY MAKE SKIRMS · tribute_sent a jugador 4 |
| 27:56 | I ONLY MAKE SKIRMS · tribute_sent a jugador 5 |
| 27:56 | I ONLY MAKE SKIRMS · tribute_sent a jugador 7 |
| 27:56 | I ONLY MAKE SKIRMS · tribute_sent a jugador 8 |
| 28:11 | I ONLY MAKE SKIRMS · wall_segment Stone Wall x6 |
| 28:39 | VIT | Hera · tribute_sent a jugador 1 |
| 28:39 | VIT | Hera · tribute_sent a jugador 2 |
| 28:39 | VIT | Hera · tribute_sent a jugador 3 |
| 28:39 | VIT | Hera · tribute_sent a jugador 5 |
| 28:39 | VIT | Hera · tribute_sent a jugador 6 |
| 28:39 | VIT | Hera · tribute_sent a jugador 7 |
| 28:39 | VIT | Hera · tribute_sent a jugador 8 |
| 28:39 | I ONLY MAKE SKIRMS · wall_segment Stone Wall x20 |
| 28:41 | shwajackson · first_building Archery Range |
| 29:10 | I ONLY MAKE SKIRMS · wall_segment Stone Wall x8 |
| 29:15 | I ONLY MAKE SKIRMS · wall_segment Stone Wall x12 |
| 29:39 | shwajackson · age_up imperial |
| 29:43 | I ONLY MAKE SKIRMS · age_up imperial |
| 30:18 | Nalgas Prietas · age_up imperial |
| 30:34 | Rata Preñadora · resign |
| 31:19 | I ONLY MAKE SKIRMS · first_building Barracks |
| 31:40 | VIT | Hera · first_building Monastery |
| 31:51 | I ONLY MAKE SKIRMS · first_building Stable |
| 32:04 | TeKarino · first_building Archery Range |
| 32:22 | VIT | Hera · first_building Castle |
| 32:23 | Franonymous · age_up castle |
| 32:24 | Franonymous · wall_segment Stone Wall x8 |
| 32:26 | VIT | Hera · first_building Barracks |
| 32:28 | Franonymous · first_building Siege Workshop |
| 33:29 | Franonymous · first_market_sell 100 food |
| 33:31 | Franonymous · first_market_buy 100 stone |
| 34:42 | I ONLY MAKE SKIRMS · first_building Archery Range |
| 34:46 | I ONLY MAKE SKIRMS · first_building Siege Workshop |
| 35:26 | VIT | Hera · age_up imperial |
| 35:57 | I ONLY MAKE SKIRMS · first_market_sell 100 food |
| 36:12 | Puerco de Monte · first_building Archery Range |
[ AI ANALYSIS · 1 CREDIT ]
What really happened in this match?
Wolo.gg analyzes every decision: build order, eco, micro, common mistakes by bracket. Personalized analysis on WhatsApp or Discord in 30 seconds.
Civ guide
Persians
Perfil
Jugador #2870684